 Dungeon Crawl Stone Soup version 0.22.1-1-ga44c0e5 (webtiles) character file.

92299 raph the Swashbuckler (level 16, -3/112 HPs)
             Began as a Halfling Berserker on Oct 4, 2018.
             Was a High Priest of Trog.
             Succumbed to a swamp dragon's poison gas
             ... on level 1 of the Swamp on Oct 6, 2018.
             The game lasted 01:30:24 (33122 turns).

raph the Swashbuckler (Halfling Berserker)         Turns: 33122, Time: 01:30:26

Health: -3/112     AC: 19    Str: 24    XL:     16   Next: 53%
Magic:  16/16      EV: 35    Int: 10    God:    Trog [*****.]
Gold:   1729       SH:  9    Dex: 27    Spells: 15/15 levels left

rFire    . . .     SeeInvis .   a - +10 dagger of Thoughtfulness {flame, MR+ Dex+4 Stlth-}
rCold    . . .     Gourm    .   Q - +1 buckler
rNeg     . . .     Faith    .   e - +0 acid dragon scales
rPois    .         Spirit   .   q - +1 helmet of the Gate {*Corrode Int+5 Dex+2}
rElec    .         Reflect  .   g - +0 cloak
rCorr    +         Harm     .   T - +2 pair of gloves {Str+3}
MR       ++++.                  W - +0 pair of boots
Stlth    ++++......             H - amulet "Jeweang" {Acrobat Str+3}
HPRegen  1.28/turn              V - +5 ring of protection
MPRegen  0.15/turn              u - +6 ring of evasion

@: lethally poisoned (-3 -> -84), corroded, very slightly contaminated,
regenerating
A: small, mutation resistance 1
a: Berserk, Trog's Hand, Brothers in Arms, Renounce Religion


You were on level 1 of the Swamp.
You worshipped Trog.
Trog was extremely pleased with you.
You were near starving.

You visited 4 branches of the dungeon, and saw 24 of its levels.
You visited 1 bazaar.

You collected 2706 gold pieces.
You spent 977 gold pieces at shops.

Inventory:

Hand Weapons
 a - the +10 dagger of Thoughtfulness (weapon) {flame, MR+ Dex+4 Stlth-}
   (Trog gifted it to you on level 12 of the Dungeon)

   It has been specially enchanted to burn those struck by it, causing extra
   injury to most foes and up to half again as much damage against particularly
   susceptible opponents.
   It affects your dexterity (+4).
   It affects your resistance to hostile enchantments.
   It makes you less stealthy.
 b - a +5 fustibalus of flaming
 j - the +7 hunting sling of Ogebos {velocity, Dex+3 Stlth+}
   (Trog gifted it to you on level 15 of the Dungeon)

   Any stone fired from it inflicts extra damage.
   It affects your dexterity (+3).
   It makes you more stealthy.
 I - a +3 hunting sling of flaming
 Y - a +1 rapier of flaming
Missiles
 k - 676 stones (quivered)
 K - 76 sling bullets
Armour
 e - +0 acid dragon scales (worn)
 g - a +0 cloak (worn)
 q - the +1 helmet of the Gate (worn) {*Corrode Int+5 Dex+2}
   (You found it on level 6 of the Dungeon)

   It affects your intelligence (+5).
   It affects your dexterity (+2).
   It may corrode you when you take damage.
 Q - a +1 buckler (worn)
 T - a +2 pair of gloves of strength (worn)
 W - a +0 pair of boots (worn)
 Z - a scarf of cloud immunity
Jewellery
 m - an uncursed ring of protection from fire
 s - a +4 amulet of reflection
 u - a +6 ring of evasion (right hand)
 H - the amulet "Jeweang" (around neck) {Acrobat Str+3}
   (You acquired it on level 8 of the Dungeon)

   [amulet of the acrobat]

   It helps you evade while moving and waiting.
   It affects your strength (+3).
 J - an uncursed ring of stealth
 N - a +4 amulet of reflection
 P - an uncursed ring of see invisible
 V - a +5 ring of protection (left hand)
 X - an uncursed ring of flight
Wands
 x - a wand of digging (15)
 B - a wand of paralysis (13)
 C - a wand of acid (16)
 D - a wand of flame (119)
 E - a wand of iceblast (10)
 O - a wand of scattershot (4)
 S - a wand of polymorph (13)
Scrolls
 f - 10 scrolls of remove curse
 o - 11 scrolls of teleportation
 L - 2 scrolls of fear
 R - 6 scrolls of identify
 U - a scroll of fog
Potions
 d - a potion of cancellation
 h - 4 potions of brilliance
 i - 6 potions of flight
 l - 5 potions of curing
 p - 5 potions of lignification
 t - a potion of invisibility
 v - 2 potions of magic
 w - 6 potions of agility
 z - a potion of haste
 F - 4 potions of heal wounds
 G - 2 potions of ambrosia
 M - 3 potions of might
Miscellaneous
 r - a box of beasts
 y - a lightning rod (4/4)
Comestibles
 c - 46 rations
 n - a chunk of flesh


   Skills:
 + Level 11.3 Fighting
 + Level 15.9 Short Blades
 + Level 14.3 Slings
 + Level 13.0 Armour
 + Level 13.0 Dodging
 - Level 9.8 Stealth
 - Level 5.0 Shields


You had 15 spell levels left.
You didn't know any spells.
Your spell library was empty.

Dungeon Overview and Level Annotations

Branches:
Dungeon (15/15)            Temple (0/1) D:7            Lair (6/6) D:10
  Swamp (1/4) Lair:4        Snake (0/4) Lair:2        Slime (0/5) Lair:5
    Orc (2/2) D:10            Elf (0/3) Orc:2        Vaults (0/5) D:13
 Depths (0/5) D:15

Altars:
Dithmenos
Elyvilon
Fedhas
Gozag
Hepliaklqana
Kikubaaqudgha
Makhleb
Nemelex Xobeh
Okawaru
Qazlal
Trog
Xom
Zin
The Shining One
Beogh
Jiyva

Shops:
D:4 :   D:6 *   D:15 (=:   Orc:1 =!!?   Orc:2 :*!=

Annotations:
D:13 exclusion: orange crystal statue
Lair:3 1 runed door


Innate Abilities, Weirdness & Mutations

You are small and have problems with some larger weapons.
You are somewhat resistant to further mutation.


Message History

You are engulfed in poison gas.
You are more poisoned.
* * * LOW HITPOINT WARNING * * *
You feel extremely sick.
You are engulfed in poison gas.
You are more poisoned.
* * * LOW HITPOINT WARNING * * *
x2 You feel extremely sick.
Press: ? - help, v - describe, . - travel A staircase back to the Lair.
There is a cloud of poison gas here.
Blink to where?
Press: ? - help, Dir - move target cursor You are very lightly contaminated with residual magic.
As you read the scroll of blinking, it crumbles to dust.
A slime creature comes into view.
You are engulfed in poison gas.
You are more poisoned.
* * * LOW HITPOINT WARNING * * *
You die...

♣....♣ ...≈
♣.≈..♣♣ .≈≈≈♣
♣.≈...♣♣♣.≈♣≈≈..≈
♣≈≈≈.≈≈D.(≈.≈≈.?
♣♣?≈§♣§≈≈≈♣.≈≈≈.
♣.≈§§♣§≈≈≈♣≈≈.≈.
♣♣≈§D§♣≈≈≈≈≈.^≈
♣♣♣§§♣≈≈≈≈≈♣
♣♣@.k$≈♣.♣≈≈≈
♣♣≈J.≈≈.....
♣≈≈≈♣≈§≈≈♣♣
♣J♣≈.≈≈≈.♣
♣.(≈.≈≈≈.♣
♣≈J≈..≈≈...
♣.(.≈.J≈.≈i
♣...≈.≈≈≈ ≈
♣.?≈♣.≈≈≈≈


You could see a six-headed hydra, a swamp dragon, 4 slime creatures and a swamp
drake.

Vanquished Creatures
  2 orc warlords (Orc:1)
  Nessos (Lair:5)
  A dire elephant (D:15)
  An ogre mage (D:15)
  A vault guard (D:13)
  An ice dragon (D:15)
  Harold (D:8)
  4 catoblepae (Lair:6)
  8 hydras
  3 centaur warriors
  Erica (D:9)
  3 tengu warriors
  4 death yaks (Lair:6)
  7 two-headed ogres
  8 orc high priests
  Nergalle (D:12)
  Pikel (D:4)
  3 unseen horrors
  2 necromancers (D:13)
  5 orc knights
  A wolf spider (D:15)
  3 manticores
  2 orc sorcerers (Orc:1)
  2 ugly things (D:11)
  A cyclops (D:11)
  An elephant (Lair:6)
  A naga mage (D:15)
  3 black mambas
  Joseph (D:9)
  Psyche (D:8)
  A centaur skeleton (D:15)
  6 spiny frogs
  2 gargoyles
  2 kobold demonologists (D:14)
  A rime drake (Lair:6)
  5 komodo dragons
  5 yaktaurs (D:15)
  A polar bear (Lair:6)
  4 trolls
  Prince Ribbit (D:8)
  2 hornets
  4 dream sheep (Lair:5)
  2 bog bodies
  8 slime creatures (D:15)
  21 blink frogs
  A meliai zombie (D:13)
  6 hippogriffs
  A centaur simulacrum (D:12)
  2 wyverns
  A wraith (D:12)
  21 humans (D:13)
  2 hungry ghosts
  45 yaks
  2 basilisks
  9 vampire mosquitoes
  5 swamp worms
  3 nagas (Lair:2)
  2 acid dragons
  7 wargs
  7 water moccasins
  Duvessa (D:5)
  6 porcupines
  A sky beast (D:6)
  48 orc warriors
  4 ice beasts
  A black bear (D:11)
  A phantom (D:6)
  A slave (D:4)
  17 ogres
  3 necrophages
  2 eyes of draining
  16 wolves
  13 crocodiles
  5 centaurs
  8 big kobolds
  17 bullfrogs
  2 gnoll sergeants (D:10)
  A wyvern zombie (D:13)
  9 scorpions
  A wyvern skeleton (D:6)
  Dowan (D:5)
  3 killer bees (D:11)
  14 wights
  7 howler monkeys
  An electric eel (Lair:4)
  5 crimson imps
  5 centaur zombies
  6 jellies
  46 orc priests
  10 hounds
  A gnoll shaman (Orc:2)
  A bullfrog skeleton (D:8)
  29 orc wizards
  Crazy Yiuf (D:4)
  Jessica (D:3)
  Ijyb (D:3)
  Terence (D:2)
  4 iguanas
  6 worker ants
  A hound zombie (D:9)
  A howler monkey zombie (D:6)
  A worker ant zombie (D:9)
  Robin (D:3)
  12 gnolls
  A howler monkey skeleton (D:5)
  14 adders
  2 river rats (Lair:5)
  4 shadow imps
  4 adder skeletons
  7 worms
  5 dart slugs
  10 leopard geckos
  120 orcs
  7 giant cockroaches
  17 goblins
  15 hobgoblins
  7 jackals
  23 kobolds
  5 quokkas
  A ball python (D:3)
  A ball python skeleton (D:4)
  7 bats
  5 frilled lizards
  2 leopard gecko skeletons
  A quokka zombie (D:5)
  8 rats
  3 plants
838 creatures vanquished.

Vanquished Creatures (collateral kills)
  2 orc high priests (Orc:2)
  4 elephants (Lair:6)
  A centaur skeleton (D:15)
  3 dream sheep (Lair:5)
  A vampire mosquito (D:15)
  2 basilisks (Lair:6)
  An ogre (D:8)
  3 orc warriors
  A crocodile (D:8)
  4 orc priests
  2 orc wizards (Orc:1)
  12 orcs
36 creatures vanquished.

Vanquished Creatures (others)
  A slave (D:4)
  A water moccasin (D:4)
  An orc priest (Orc:1)
  2 orc wizards (D:4)
  2 orcs (D:4)
  A frilled lizard (D:4)
  A quokka skeleton (D:4)
  15 fungi
  6 plants
30 creatures vanquished.

Grand Total: 904 creatures vanquished

Notes
Turn   | Place    | Note
-------+----------+-------------------------------------------
     0 | D:1      | raph the Halfling Berserker began the quest for the Orb.
     0 | D:1      | Reached XP level 1. HP: 15/15 MP: 1/1
    97 | D:1      | Reached XP level 2. HP: 20/20 MP: 2/2
   159 | D:1      | Reached skill level 4 in Short Blades
   305 | D:1      | Reached XP level 3. HP: 17/25 MP: 3/3
   762 | D:2      | Reached ** piety under Trog
  1036 | D:2      | Reached XP level 4. HP: 21/31 MP: 4/4
  1240 | D:2      | Noticed Terence
  1251 | D:2      | Killed Terence
  1594 | D:2      | Reached XP level 5. HP: 36/36 MP: 5/5
  1700 | D:2      | Reached skill level 5 in Short Blades
  2152 | D:3      | Noticed Jessica
  2157 | D:3      | Killed Jessica
  2281 | D:3      | Noticed Robin
  2300 | D:3      | Killed Robin
  2333 | D:3      | Reached XP level 6. HP: 36/42 MP: 6/6
  2429 | D:3      | Reached *** piety under Trog
  2539 | D:3      | Found a shadowy altar of Dithmenos.
  2875 | D:3      | Found a stormy altar of Qazlal.
  2875 | D:3      | Noticed Ijyb
  2888 | D:3      | Killed Ijyb
  2956 | D:3      | Found a white marble altar of Elyvilon.
  3119 | D:4      | Noticed a slave
  3120 | D:4      | Reached skill level 6 in Short Blades
  3121 | D:4      | Noticed a slave
  3122 | D:4      | Noticed Pikel
  3123 | D:4      | Noticed a slave
  3124 | D:4      | Noticed a slave
  3134 | D:4      | Killed a slave
  3141 | D:4      | Killed Pikel
  3141 | D:4      | Reached skill level 7 in Short Blades
  3141 | D:4      | Reached XP level 7. HP: 49/49 MP: 7/7
  3141 | D:4      | Reached XP level 8. HP: 54/54 MP: 8/8
  3684 | D:4      | Reached skill level 8 in Short Blades
  3684 | D:4      | Reached skill level 5 in Armour
  3684 | D:4      | Reached skill level 5 in Dodging
  3869 | D:4      | Found a runed door.
  3873 | D:4      | Noticed Crazy Yiuf
  3878 | D:4      | Killed Crazy Yiuf
  4084 | D:4      | Found Cahoy's Book Emporium.
  4212 | D:5      | Entered Level 5 of the Dungeon
  4213 | D:5      | Noticed Dowan
  4214 | D:5      | Noticed Duvessa
  4226 | D:5      | Killed Dowan
  4234 | D:5      | Killed Duvessa
  4330 | D:4      | Reached XP level 9. HP: 17/60 MP: 9/9
  4585 | D:5      | Reached skill level 5 in Fighting
  4620 | D:5      | Reached **** piety under Trog
  4648 | D:5      | Reached skill level 9 in Short Blades
  4821 | D:5      | Found a blossoming altar of Fedhas.
  5740 | D:6      | Got a dazzling helmet
  5751 | D:6      | Identified the +1 helmet of the Gate {*Corrode Int+5 Dex+2}
                  | (You found it on level 6 of the Dungeon)
  5859 | D:6      | Found a runed door.
  5943 | D:6      | Received a gift from Trog
  6016 | D:6      | Reached skill level 10 in Short Blades
  6144 | D:6      | Found a roughly hewn altar of Beogh.
  6195 | D:6      | Noticed a hornet
  6207 | D:6      | Killed a hornet
  6455 | D:6      | Found an iron altar of Okawaru.
  6468 | D:6      | Reached XP level 10. HP: 68/68 MP: 10/10
  6704 | D:6      | Found Zin's Purification Station.
  6704 | D:6      | Found a glowing silver altar of Zin.
  6840 | D:6      | Reached ***** piety under Trog
  6909 | D:6      | Reached skill level 11 in Short Blades
  7288 | D:7      | Found a staircase to the Ecumenical Temple.
  7725 | D:7      | Found an ancient bone altar of Kikubaaqudgha.
  7725 | D:7      | Found a glowing golden altar of the Shining One.
  8452 | D:8      | Noticed Psyche
  8468 | D:8      | Killed Psyche
  8468 | D:8      | Received a gift from Trog
  8468 | D:8      | Reached skill level 1 in Stealth
  8521 | D:8      | Noticed Prince Ribbit
  8552 | D:8      | Killed Prince Ribbit
  8944 | D:8      | Found a roughly hewn altar of Beogh.
  8953 | D:8      | Reached skill level 12 in Short Blades
  8966 | D:8      | Reached XP level 11. HP: 47/74 MP: 11/11
  9468 | D:8      | Found a shimmering altar of Xom.
  9470 | D:8      | Identified a scroll of acquirement
  9471 | D:8      | Got an ancient sapphire amulet
  9472 | D:8      | Identified the amulet "Jeweang" {Acrobat Str+3} (You
                  | acquired it on level 8 of the Dungeon)
  9833 | D:8      | Noticed Harold
  9873 | D:8      | Killed Harold
  9941 | D:8      | Noticed a moth of wrath
  9943 | D:8      | Found a bloodstained altar of Trog.
 10334 | D:9      | Noticed Joseph
 10607 | D:9      | Killed Joseph
 11144 | D:9      | Reached skill level 1 in Slings
 11257 | D:9      | Noticed Erica
 11285 | D:9      | Killed Erica
 11385 | D:9      | Found an opulent altar of Gozag.
 11385 | D:9      | Found a burning altar of Makhleb.
 11792 | D:10     | Entered Level 10 of the Dungeon
 11801 | D:10     | Noticed a two-headed ogre
 11835 | D:10     | Killed a two-headed ogre
 12032 | D:10     | Noticed a two-headed ogre
 12036 | D:10     | Killed a two-headed ogre
 12036 | D:10     | Reached skill level 5 in Stealth
 12063 | D:10     | Got an encrusted scimitar
 12064 | D:10     | Identified the cursed +1 scimitar "Utsifuru" {slice, Dex+2}
                  | (You found it on level 10 of the Dungeon)
 12143 | D:10     | Reached XP level 12. HP: 50/82 MP: 12/12
 12300 | D:10     | Found a staircase to the Lair.
 12560 | D:10     | Received a gift from Trog
 12687 | D:10     | Found a glowing silver altar of Zin.
 12854 | D:10     | Reached skill level 13 in Short Blades
 12882 | D:10     | Found a staircase to the Orcish Mines.
 13370 | D:10     | Reached skill level 5 in Slings
 13792 | Lair:1   | Entered Level 1 of the Lair of Beasts
 14949 | Lair:2   | Noticed a four-headed hydra
 14957 | Lair:2   | Killed a four-headed hydra
 15098 | Lair:2   | Found a staircase to the Snake Pit.
 16237 | Lair:3   | Found a runed door.
 16283 | Lair:3   | Reached skill level 10 in Armour
 16516 | Lair:3   | Reached XP level 13. HP: 88/89 MP: 13/13
 16543 | Lair:3   | Noticed a six-headed hydra
 16554 | Lair:3   | Killed a six-headed hydra
 16554 | Lair:3   | Reached skill level 10 in Dodging
 17175 | Lair:4   | Found a staircase to the Swamp.
 17377 | Lair:4   | Reached skill level 1 in Shields
 18244 | Lair:5   | Noticed a five-headed hydra
 18257 | Lair:5   | Killed a five-headed hydra
 18713 | Lair:5   | Noticed Nessos
 18739 | Lair:5   | Killed Nessos
 19403 | Lair:5   | Reached skill level 10 in Slings
 19508 | Lair:5   | Found a viscous altar of Jiyva.
 19508 | Lair:5   | Found a staircase to the Slime Pits.
 19617 | Lair:5   | Noticed a six-headed hydra
 19631 | Lair:5   | Killed a six-headed hydra
 20109 | Orc:1    | Entered Level 1 of the Orcish Mines
 20109 | Orc:1    | Found Rextet's Distillery.
 20118 | Orc:1    | Bought a potion of heal wounds for 70 gold pieces
 20118 | Orc:1    | Bought a potion of heal wounds for 70 gold pieces
 20118 | Orc:1    | Bought a potion of might for 56 gold pieces
 20118 | Orc:1    | Bought a potion of heal wounds for 70 gold pieces
 20138 | Orc:1    | Found Mearphemu's Magic Scroll Boutique.
 20152 | Orc:1    | Bought a scroll of identify for 32 gold pieces
 20299 | Orc:1    | Found Feanoum's Distillery.
 20311 | Orc:1    | Found Weteppew's Jewellery Boutique.
 20449 | Orc:2    | Entered Level 2 of the Orcish Mines
 20804 | Orc:2    | Paralysed by an orc sorcerer for 5 turns
 20816 | Orc:1    | Paralysed by an orc sorcerer for 4 turns
 21362 | Orc:1    | Reached skill level 14 in Short Blades
 21377 | Orc:1    | Noticed an orc warlord
 21468 | Orc:1    | Killed an orc warlord
 21486 | Orc:1    | Received a gift from Trog
 21681 | Orc:1    | Noticed an orc warlord
 21696 | Orc:1    | Reached XP level 14. HP: 97/97 MP: 14/14
 21712 | Orc:1    | Killed an orc warlord
 22636 | Orc:1    | Found a roughly hewn altar of Beogh.
 23050 | Orc:2    | Found a staircase to the Elven Halls.
 23360 | Orc:2    | Found Ugaecodgh's Jewellery Shoppe.
 23362 | Orc:2    | Received a gift from Trog
 23447 | Orc:2    | HP: 4/97 [orc priest/nerve-wracking pain (12)]
 23740 | Orc:1    | Bought a potion of heal wounds for 85 gold pieces
 23948 | Orc:2    | Found Idumorph's Distillery.
 23964 | Orc:2    | Bought 2 potions of heal wounds for 160 gold pieces
 24154 | Orc:2    | Found a roughly hewn altar of Beogh.
 24218 | Orc:2    | Found Bulut's Assorted Antiques.
 24218 | Orc:2    | Found Morhem's Book Shop.
 24242 | Orc:2    | Bought a bronze ring mail for 207 gold pieces
 24242 | Orc:2    | Bought a scroll of enchant armour for 172 gold pieces
 24252 | Orc:2    | Identified the cursed +0 ring mail "Boji" {+Inv} (You
                  | bought it in a shop on level 2 of the Orcish Mines)
 24456 | Orc:2    | Reached skill level 5 in Shields
 25386 | D:11     | Found a hazy altar of Hepliaklqana.
 25701 | D:12     | Noticed Nergalle
 25745 | D:12     | Killed Nergalle
 26237 | D:12     | Reached ****** piety under Trog
 26302 | D:12     | Received a gift from Trog
 26303 | D:12     | Got a faintly glowing dagger {god gift}
 26304 | D:12     | Identified the +10 dagger of Thoughtfulness {flame, MR+
                  | Dex+4 Stlth-} (Trog gifted it to you on level 12 of the
                  | Dungeon)
 26312 | D:12     | Reached skill level 10 in Fighting
 27027 | D:13     | Reached XP level 15. HP: 103/103 MP: 15/15
 27231 | D:13     | Found a flickering gateway to a bazaar.
 27241 | Bazaar   | Entered a bazaar
 27243 | Bazaar   | Found Ginen's Distillery.
 27251 | Bazaar   | Bought a potion of heal wounds for 55 gold pieces
 27253 | Bazaar   | Found Ycaotiar's Food Boutique.
 27256 | Bazaar   | Found Sytiw's Jewellery Shop.
 27275 | Bazaar   | Found Ary Idubli's Antique Weapon Boutique.
 28350 | D:13     | Found a gate to the Vaults.
 28638 | D:14     | Found a sparkling altar of Nemelex Xobeh.
 29217 | D:15     | Entered Level 15 of the Dungeon
 29245 | D:14     | Reached skill level 15 in Short Blades
 29379 | D:15     | Found Ybiepn's Jewellery Shop.
 29398 | D:15     | Received a gift from Trog
 29585 | D:15     | Found Kesuifila's Antique Weapon Shoppe.
 29650 | D:15     | Found Qiej's Book Shop.
 29794 | D:15     | Received a gift from Trog
 30035 | D:15     | Received a gift from Trog
 30038 | D:15     | Got an ebony hunting sling {god gift}
 30039 | D:15     | Identified the +7 hunting sling of Ogebos {velocity, Dex+3
                  | Stlth+} (Trog gifted it to you on level 15 of the Dungeon)
 30259 | D:15     | Found a staircase to the Depths.
 30721 | Lair:6   | Entered Level 6 of the Lair of Beasts
 30789 | Lair:6   | Reached XP level 16. HP: 104/111 MP: 16/16
 31267 | Lair:6   | Found a stormy altar of Qazlal.
 32028 | Lair:6   | Received a gift from Trog
 33095 | Swamp:1  | Entered Level 1 of the Swamp
 33122 | Swamp:1  | HP: 5/112 [swamp dragon] (8)]
 33122 | Swamp:1  | Succumbed to a swamp dragon's poison gas

Skill      XL: |  1  2  3  4  5  6  7  8  9 10 11 12 13 14 15 16 |
---------------+-------------------------------------------------+-----
Short Blades   | 4 5 7 8 10 12 13 14 15 | 15.9
Fighting       | 3 4 5 6 7 8 9 10 11 | 11.3
Armour         | 3 4 5 6 7 9 10 11 12 13 | 13.0
Dodging        | 3 4 5 6 7 9 10 11 12 13 | 13.0
Stealth        | 2 5 7 8 9 |  9.8
Slings         | 3 7 10 12 13 14 | 14.3
Shields        | 3 5 |  5.0

Action                   |  1- 3 |  4- 6 |  7- 9 | 10-12 | 13-15 | 16-18 || total
-------------------------+-------+-------+-------+-------+-------+-------++-------
Melee: Short sword       |   121 |   317 |   292 |  1280 |   512 |       ||  2522
       Dagger            |       |       |   161 |    76 |   792 |   324 ||  1353
       Rapier            |       |       |       |       |   639 |       ||   639
 Fire: Hunting sling     |       |       |       |   232 |   436 |   102 ||   770
       Fustibalus        |       |       |       |       |       |    12 ||    12
Throw: Stone             |       |       |       |       |       |     3 ||     3
Invok: Berserk           |     1 |     7 |     6 |    19 |    17 |     2 ||    52
       Trog's Hand       |       |     1 |     3 |     1 |     7 |     1 ||    13
       Brothers in Arms  |       |       |       |     2 |     3 |     1 ||     6
Evoke: Lightning rod     |       |       |       |       |     3 |       ||     3
       Wand              |       |       |       |       |     5 |     1 ||     6
  Use: Scroll            |       |     9 |     8 |    11 |    14 |     3 ||    45
       Potion            |       |       |     3 |       |     7 |       ||    10
 Stab: Sleeping          |     1 |       |       |     3 |    16 |     1 ||    21
       Distracted        |       |       |       |     1 |     5 |     1 ||     7
  Eat: Chunk             |     1 |    13 |     8 |    43 |    42 |     8 ||   115
       Ration            |       |       |     3 |     2 |     7 |       ||    12
Armor: Animal skin       |     2 |       |       |       |       |       ||     2
       Ring mail         |    15 |    99 |    67 |    72 |   119 |       ||   372
       Acid dragon scale |       |       |       |       |    81 |    37 ||   118
Dodge: Dodged            |    70 |   262 |   319 |   723 |  1304 |   242 ||  2920
Block: Buckler           |       |       |       |       |   482 |   118 ||   600
       Reflection        |       |       |       |       |     1 |       ||     1
